 Dungeon Crawl Stone Soup version 0.28-a0-514-g0d7ab7f379 (webtiles) character file.

Game seed: 8190532768627481210

1383 SkeletonJelly the Slicer (level 8, -1/40 HPs)
             Began as a Spriggan Abyssal Knight on Sept 23, 2021.
             Was a Priest of Lugonu.
             Splashed by a jelly's acid (10 damage)
             ... on level 5 of the Dungeon.
             The game lasted 00:09:39 (4202 turns).

SkeletonJelly the Slicer (Spriggan Abyssal Knight)  Turns: 4202, Time: 00:09:40

Health: -1/40      AC: -5    Str:  9    XL:     8   Next: 40%
Magic:  7/11       EV: 19    Int: 13    God:    Lugonu [***...]
Gold:   256        SH:  0    Dex: 16    Spells: 7/7 levels left

rFire   . . .      SeeInvis +   C - +0 short sword (venom)
rCold   . . .      Faith    .   (shield restricted)
rNeg    . . .      Spirit   .   b - +0 robe
rPois   .          Reflect  .   (helmet restricted)
rElec   .          Harm     .   w - +0 cloak
rCorr   .          Rampage  .   (gloves unavailable)
Will    +....                   (boots unavailable)
Stlth   ++++......              o - amulet of regeneration
HPRegen 1.13/turn               (no ring)
MPRegen 0.12/turn               (no ring)

@: corroded, very quick
A: very small, no large weapons, unfitting armour, see invisible, speed 3
a: Renounce Religion, Depart the Abyss, Bend Space, Banish


You were on level 5 of the Dungeon.
You worshipped Lugonu.
Lugonu was most pleased with you.
You visited 1 branch of the dungeon, and saw 5 of its levels.
You visited the Abyss 1 time.

You collected 256 gold pieces.

Inventory:

Hand Weapons
 a - a +1 short sword
 y - a +0 fustibalus
 C - a +0 short sword of venom (weapon)
Missiles
 f - 36 poisoned darts (quivered)
 s - a throwing net
 A - 48 sling bullets
Armour
 b - a +0 robe (worn)
 w - a +0 cloak (worn)
Jewellery
 k - a ring of ice
 o - an amulet of regeneration (around neck)
Wands
 e - a wand of flame (4)
 B - a wand of iceblast (9)
Scrolls
 d - 2 scrolls of teleportation {unknown}
 g - a scroll of identify {unknown}
 h - 2 scrolls of noise {unknown}
 m - 2 scrolls of vulnerability {unknown}
 n - 2 scrolls of holy word {unknown}
 q - a scroll of enchant weapon {unknown}
 x - a scroll of enchant armour {unknown}
Potions
 c - a potion of magic {unknown}
 i - a potion of resistance {unknown}
 j - a potion of mutation {unknown}
 l - a potion of brilliance {unknown}
 p - a potion of degeneration {unknown}
 r - a potion of cancellation {unknown}
 t - a potion of curing
 u - a potion of heal wounds {unknown}
 v - 2 potions of lignification {unknown}
 z - a potion of ambrosia {unknown}


   Skills:
 - Level 3.1 Fighting
 * Level 8.9 Short Blades
 - Level 4.5 Dodging
 + Level 7.9 Stealth
 - Level 3.0 Invocations


You had 7 spell levels left.
You didn't know any spells.
Your spell library contained the following spells:

 Spells                   Type           Power      Damage    Failure   Level
 Ozocubu's Armour         Ice            0%         N/A       67%         3
 Ozocubu's Refrigeration  Ice            0%         4d5       100%        7


Dungeon Overview and Level Annotations

Branches:
Dungeon (5/15)             Temple (0/1) D:4

Altars:
Elyvilon
Trog
Vehumet
Yredelemnul
Zin

Shops:
D:1 :[*!?


Innate Abilities, Weirdness & Mutations

You are very small and have problems with some larger weapons.
You are too small for most types of armour.
You have supernaturally acute eyesight. (SInv)
You cover ground extremely quickly. (Speed+++)


Message History

The orc is heavily wounded.
You hit the orc.
The orc looks as sick as possible!
The orc is almost dead.
You kill the orc!
Lugonu accepts your kill.
No reachable target in view!
No reachable target in view!
No reachable target in view!
No reachable target in view!
Things that are here:
a +0 hand axe; a +0 leather armour You see here a +0 rapier.
You hit the orc.
The orc is heavily wounded.
The orc misses you.
You closely miss the orc.
The orc is heavily wounded.
You hit the orc but do no damage.
The orc is poisoned.
The orc is heavily wounded.
The orc barely misses you.
You hit the orc.
You kill the orc!
Lugonu accepts your kill.
No reachable target in view!
No reachable target in view!
No reachable target in view!
No reachable target in view!
No reachable target in view!
Things that are here:
a +0 flail; a scroll labelled DUAF ILIDD You barely miss the orc wizard.
The orc wizard completely misses you.
You closely miss the orc wizard. You barely miss the orc wizard.
The orc wizard barely misses you.
You closely miss the orc wizard.
A jelly comes into view.
The orc wizard barely misses you.
You closely miss the orc wizard.
The jelly quivers.
You hit the orc wizard.
The orc wizard is moderately wounded.
The orc wizard barely misses you.
You hit the orc wizard.
The orc wizard is poisoned.
The orc wizard is heavily wounded.
The orc wizard misses you.
You hit the orc wizard but do no damage.
The orc wizard looks as sick as possible!
The orc wizard is heavily wounded.
You barely miss the orc wizard.
The orc wizard is severely wounded.
The orc wizard hits you with a +0 dagger.
You take 2 damage, and have 38/40 hp.
You hit the orc wizard.
The orc wizard looks as sick as possible!
The orc wizard is severely wounded.
The orc wizard casts a spell at you. You resist with almost no effort.
You hit the orc wizard but do no damage.
The orc wizard is severely wounded.
You hit the orc wizard.
You kill the orc wizard!
Lugonu accepts your kill.
Health restored: 40 You barely miss the iguana.
The iguana completely misses you.
You hit the jelly. The acid corrodes you!
Your hands burn!
The jelly is lightly wounded.
The jelly barely misses you.
You take 1 damage, and have 39/40 hp.
You hit the jelly. The acid corrodes you!
Your hands burn!
The jelly is moderately wounded.
The iguana misses you.
You take 3 damage, and have 36/40 hp.
You hit the jelly but do no damage.
Your hands burn!
The jelly is moderately wounded.
The jelly misses you.
You hit the jelly but do no damage.
Your hands burn!
The jelly is moderately wounded.
The iguana bites you! The jelly barely misses you.
You take 10 damage, and have 26/40 hp.
MASSIVE DAMAGE!!
You hit the jelly but do no damage.
Your hands burn!
The jelly is moderately wounded.
The iguana closely misses you.
You take 4 damage, and have 22/40 hp.
You hit the jelly.
Your hands burn!
The jelly is heavily wounded.
The jelly misses you.
You hit the jelly but do no damage.
The jelly is poisoned.
Your hands burn!
The jelly is heavily wounded.
The iguana misses you. The jelly hits you.
You are splashed with acid!
* * * LOW HITPOINT WARNING * * *
You take 13 damage, and have 9/40 hp.
MASSIVE DAMAGE!!
Okay, then.
Unknown command.
Press: ? - help, Shift-Dir - straight line, f - iguana
Aim: an iguana (chance to affect: 87%)
The iguana is devoured by a tear in reality.
Lugonu claims a new guest.
The jelly hits you.
* * * LOW HITPOINT WARNING * * *
You are splashed with acid!
You die...

#..≈≈≈≈≈≈≈≈≈.#
#..≈.).....≈.#
#####..≈)≈≈≈≈≈.≈.#
######......≈.≈_..≈.≈.#
....##.# #..≈.≈≈≈.≈.≈.##
###.##.# #..≈.....≈....#
#.##.####.≈≈≈≈≈≈≈≈≈..# #
#.##.##.#...≈.@J..≈..##
###.##.#....≈)§§§≈≈)≈...###
............≈.§.._≈.≈......
###.##.#....≈.≈≈≈≈≈.≈...###
###.##.##.#.≈)......≈..##
.[..##......≈≈≈≈≈≈≈≈≈.##
##########............#
#.##..####'####### #.##.##
#........#


You could see a jelly (very poisoned).

Vanquished Creatures
  A golden eye (Abyss:3)
  Duvessa (D:5)
  6 necrophages (D:4)
  An ice beast (D:5)
  Dowan (D:5)
  A water moccasin skeleton (D:5)
  A wight (D:4)
  2 centaur zombies (D:4)
  A jelly (D:5)
  An orc priest (D:5)
  A human zombie (D:4)
  A scorpion zombie (D:4)
  2 iguanas
  An orc wizard (D:5)
  A mummy (D:4)
  4 gnolls (D:3)
  2 adders
  A worm (D:2)
  9 orcs
  2 endoplasms (D:3)
  2 giant cockroaches
  6 goblins
  7 hobgoblins
  2 jackals (D:1)
  5 kobolds
  11 ball pythons
  A bat (D:1)
  3 frilled lizards
  5 rats
82 creatures vanquished.

Notes
Turn   | Place    | Note
-------+----------+-------------------------------------------
     0 | Abyss:1  | SkeletonJelly the Spriggan Abyssal Knight began the quest
                  | for the Orb.
     0 | Abyss:1  | Reached XP level 1. HP: 11/11 MP: 3/3
    20 | Abyss:2  | Found a corrupted altar of Lugonu.
    77 | Abyss:3  | Noticed a golden eye
    78 | Abyss:3  | Noticed a rakshasa
   107 | Abyss:3  | Killed a golden eye
   108 | Abyss:3  | Reached skill level 3 in Short Blades
   108 | Abyss:3  | Reached XP level 2. HP: 16/16 MP: 3/5
   108 | Abyss:3  | Reached XP level 3. HP: 20/20 MP: 3/6
   108 | Abyss:3  | Reached XP level 4. HP: 24/24 MP: 3/7
   108 | Abyss:3  | Reached XP level 5. HP: 28/28 MP: 3/8
   118 | Abyss:3  | Noticed a thrashing horror
   119 | Abyss:3  | Noticed a smoke demon
   122 | D:1      | Escaped the Abyss
   173 | D:1      | Found Zizimus's Magic Scroll Shop.
   297 | D:1      | Found Vituohax's Distillery.
   322 | D:1      | Found a faded altar of an unknown god.
   352 | D:1      | Found Tuporiwe's Antique Armour Shop.
   416 | D:1      | Found Pafa's Assorted Antiques.
   421 | D:1      | Found Efal's Book Shoppe.
  1020 | D:2      | Reached ** piety under Lugonu
  1041 | D:2      | Reached skill level 1 in Stealth
  1824 | D:3      | Reached skill level 4 in Short Blades
  2440 | D:3      | Reached XP level 6. HP: 25/32 MP: 9/9
  2860 | D:4      | Reached skill level 5 in Short Blades
  2885 | D:4      | Reached skill level 6 in Short Blades
  2912 | D:4      | Reached skill level 5 in Stealth
  2912 | D:4      | Reached XP level 7. HP: 35/36 MP: 10/10
  2986 | D:4      | Reached skill level 7 in Short Blades
  3007 | D:4      | Reached *** piety under Lugonu
  3011 | D:4      | Found a basalt altar of Yredelemnul.
  3076 | D:4      | HP: 1/34 [wight (5)]
  3249 | D:4      | Found a radiant altar of Vehumet.
  3249 | D:4      | Found a bloodstained altar of Trog.
  3375 | D:4      | Found a staircase to the Ecumenical Temple.
  3679 | D:5      | Entered Level 5 of the Dungeon
  3701 | D:5      | Reached XP level 8. HP: 40/40 MP: 11/11
  3724 | D:5      | Noticed Duvessa
  3727 | D:5      | Noticed Dowan
  3750 | D:5      | Killed Duvessa
  3751 | D:5      | Reached skill level 8 in Short Blades
  3766 | D:5      | Killed Dowan
  3871 | D:5      | Found a glowing silver altar of Zin.
  4125 | D:5      | Found a white marble altar of Elyvilon.
  4202 | D:5      | Splashed by a jelly's acid

Illustrated notes

Levels and vault maps discovered:
D:1:      dpeg_arrival_stonehenge_8_columns, layout_rooms, serial_shops,
          nicolae_shop_statue_plus, nicolae_shop_trees, shop_fountains, shop,
          nicolae_shop_waterfront, shapermc_ecumenical_altar_notcrosses,
          roderic_lattice_a
D:2:      layout_loops_cross
D:3:      layout_basic, minivault_11
D:4:      layout_basic, lemuel_mausoleum_altar_yredelemnul,
          gammafunk_temple_overflow_wave, minmay_temple_entry_poolview
D:5:      layout_loops_corners, mainiacjoe_overflow_catwalk_spiral,
          lightli_minifort, uniq_duvessa, uniq_sigmund

Skill      XL: |  1  2  3  4  5  6  7  8 |
---------------+-------------------------+-----
Fighting       | 3 |  3.1
Short Blades   | 3 4 6 7 8 |  8.9
Dodging        | 4 |  4.5
Invocations    | 3 |  3.0
Stealth        | 2 5 6 7 |  7.9

Action                   |  1- 3 |  4- 6 |  7- 9 || total
-------------------------+-------+-------+-------++-------
Melee: Short sword       |       |   255 |   223 ||   478
Throw: Dart              |       |    24 |       ||    24
Invok: Banish            |       |       |     1 ||     1
Evoke: Wand              |     3 |       |     6 ||     9
 Stab: Sleeping          |       |     8 |     6 ||    14
       Distracted        |       |     2 |       ||     2
Armor: Robe              |       |    15 |    10 ||    25
Dodge: Dodged            |       |   199 |   125 ||   324

Table legend: (Time is in decaauts)
 A = Elapsed time spent in this place.
 B = Non-inter-level travel time spent in this place.
 C = Inter-level travel time spent in this place.
 D = Time resting spent in this place.
 E = Time spent auto-exploring this place.
 F = Levels seen in this place.
 G = Mean time per level.
                   A        B        C        D        E       F      G
               +--------+--------+--------+--------+--------+-----+--------+
         Total |   2916 |   2686 |    230 |      0 |   1864 |   8 |  364.5 |
       Dungeon |   2834 |   2604 |    230 |      0 |   1825 |   5 |  566.8 |
         Abyss |     82 |     82 |      0 |      0 |     39 |   3 |   27.3 |
               +--------+--------+--------+--------+--------+-----+--------+

Top non-repeatable levels by time:
     D:2: 757 daAuts
     D:4: 726 daAuts
     D:3: 559 daAuts
     D:1: 486 daAuts
     D:5: 303 daAuts
 Abyss:3: 64 daAuts
 Abyss:1: 10 daAuts
 Abyss:2: 8 daAuts
